 Dungeon Crawl Stone Soup version 0.30-a0-652-gcc886f7154 (webtiles) character file.

Game seed: 2084472763037388667

51882 demibob the Warrior (level 14, -7/132 HPs)
             Began as a Demonspawn Gladiator on Jan 18, 2023.
             Was an Initiate of Gozag.
             Mangled by Donald
             ... wielding a +0 demon trident of venom
              (16 damage)
             ... on level 2 of the Orcish Mines.
             The game lasted 00:32:23 (22750 turns).

demibob the Warrior (Demonspawn Gladiator)         Turns: 22750, Time: 00:32:23

Health: -7/132     AC: 10    Str: 14    XL:     14   Next: 25%
Magic:  0/14       EV: 17    Int: 11    God:    Gozag
Gold:   269        SH:  0    Dex: 22    Spells: 13/13 levels left

rFire   + + .      SeeInvis +    a - +0 quarterstaff (heavy)
rCold   + + .      Faith    .    (shield currently unavailable)
rNeg    . . .      Spirit   +    z - +1 ring mail of Sif Muna, Loving {Dex+3 SInv}
rPois   .          Reflect  .    (helmet unavailable)
rElec   .          Harm     .    D - scarf {rC+ rF+}
rCorr   .          Rampage  .    O - +0 pair of gloves of Integrity {+Blink rC+ Will+}
Will    +++..                    w - +0 pair of boots
Stlth   +                        K - amulet of guardian spirit
HPRegen 0.42/turn                L - ring of flight
MPRegen 0.14/turn                F - ring of protection from fire

@: mighty, gold aura, flying, hasted, very quick
A: horns 3, rugged brown scales 1, demonic guardian 2, spiny 2, demonic
willpower
a: Renounce Religion, Evoke Blink, Potion Petition, Call Merchant, Bribe Branch


You were on level 2 of the Orcish Mines.
You worshipped Gozag.
Gozag was aware of your devotion.
You visited 4 branches of the dungeon, and saw 19 of its levels.

You collected 5196 gold pieces.
You spent 1453 gold pieces at shops.
You paid 3474 gold pieces to Gozag.


Innate Abilities, Weirdness & Mutations

You have a pair of large horns on your head.
You are partially covered in rugged brown scales. (AC +1, +3% HP)
A demonic guardian rushes to your aid.
You are mostly covered in sharp spines.
You punish those that try to bend your will. (Will+)


   Skills:
 - Level 17.8 Fighting
 - Level 14.0 Staves
 - Level 1.7 Throwing
 - Level 5.2 Armour
 + Level 10.0 Dodging
 + Level 7.6 Evocations


You had 13 spell levels left.
You didn't know any spells.
Your spell library contained the following spells:

 Spells                   Type           Power      Damage    Failure   Level
 Sting                    Tmut/Pois      0%         1d3       56%         1
 Blink                    Tloc           0%         N/A       71%         2
 Cigotuvi's Dreadful Rot  Necr/Pois/Air  0%         N/A       71%         2
 Ensorcelled Hibernation  Hex/Ice        0%         N/A       71%         2
 Lesser Beckoning         Tloc           0%         N/A       71%         2
 Poisonous Vapours        Pois/Air       0%         N/A       71%         2
 Gell's Gravitas          Tloc           0%         N/A       90%         3
 Hailstorm                Conj/Ice       0%         3d3       90%         3
 Inner Flame              Hex/Fire       0%         N/A       90%         3
 Mephitic Cloud           Conj/Pois/Air  0%         N/A       90%         3
 Spider Form              Tmut/Pois      0%         N/A       90%         3
 Teleport Other           Tloc           0%         N/A       90%         3
 Anguish                  Hex/Necr       0%         N/A       100%        4
 Cause Fear               Hex            0%         N/A       100%        4
 Ice Form                 Ice/Tmut       0%         N/A       100%        4
 Manifold Assault         Tloc           0%         N/A       100%        4
 Olgreb's Toxic Radiance  Pois           0%         N/A       100%        4
 Iskenderun's Battlesphe  Conj           0%         2d6       100%        5
 Summon Forest            Summ/Tloc      0%         N/A       100%        5
 Summon Mana Viper        Hex/Summ       0%         N/A       100%        5
 Iron Shot                Conj/Erth      0%         9d1       100%        6
 Summon Cactus Giant      Summ           0%         N/A       100%        6
 Spellforged Servitor     Conj/Summ      0%         N/A       100%        7
 Storm Form               Tmut/Air       0%         N/A       100%        7
 Discord                  Hex            0%         N/A       100%        8
 Simulacrum               Ice/Necr       Unusable   N/A       N/A         6

Inventory:

Hand Weapons
 a - a +0 heavy quarterstaff (weapon)
 N - a +1 quarterstaff
Missiles
 c - a datura-tipped dart (quivered)
 e - 7 javelins
 j - 5 silver javelins
Armour
 w - a +0 pair of boots (worn)
 z - the +1 ring mail of Sif Muna, Loving (worn) {Dex+3 SInv}
   (You found it on level 8 of the Dungeon)

   Dex:       It affects your dexterity (+3).
   SInv:      It lets you see invisible.
 D - a scarf of resistance (worn)
 O - the +0 pair of gloves of Integrity (worn) {+Blink rC+ Will+}
   (You bought it in a shop on level 11 of the Dungeon)

   rC:        It protects you from cold.
   +Blink:    It lets you blink.
   Will:      It increases your willpower.
Magical Staves
 n - a staff of cold {!a}
 t - a staff of earth {!a}
 H - a staff of poison {!a}
Jewellery
 b - an amulet of magic regeneration
 f - a ring of fire
 C - a ring of protection from cold
 F - a ring of protection from fire (right hand)
 K - an amulet of guardian spirit (around neck)
 L - a ring of flight (left hand)
Wands
 p - a wand of mindburst (7)
 v - a wand of iceblast (3)
 y - a wand of digging (7)
 A - a wand of flame (9)
 G - a wand of polymorph (1)
 I - a wand of paralysis (11)
Scrolls
 k - 8 scrolls of identify {@r1}
 m - 2 scrolls of teleportation {@r2}
 r - 4 scrolls of magic mapping
 J - a scroll of enchant armour
Potions
 d - 2 potions of ambrosia
 g - 3 potions of curing {@q1}
 i - 2 potions of haste {@q3}
 l - a potion of might
 q - a potion of magic
 s - 2 potions of brilliance
 u - 6 potions of attraction
 B - a potion of flight
 M - a potion of resistance
Miscellaneous
 x - a piece from Xom's chessboard (15/15)

Dungeon Overview and Level Annotations

Branches:
Dungeon (11/15)            Temple (1/1) D:5            Lair (5/5) D:11
 Shoals (0/4) Lair:3       Spider (0/4) Lair:3          Orc (2/2) D:11
  Slime: Lair:4-5       Elf: Orc:2

Altars:
Ashenzari
Fedhas
Gozag
Hepliaklqana
Nemelex Xobeh
Xom
Jiyva

Shops:
D:4 :   D:10 *   D:11 *([(   Orc:1 *

Annotations:
D:4 1 runed translucent door, Strat's ghost, amateur DrRe
Lair:4 exclusion: oklob plant
Orc:2 Donald

▒. . .......
▒.. . .......
▒.. .#.......
▒..##..(.....
▒.....(.o.... $
..#.(......
#.@$......
#.@.......
##.4.......
#..........
#..........
#..........
▒.........#...
▒...▒▒
▒.........####.
.o.....
..........##
.o.....
....#.##..#


You could see Donald (strong, ally target), an orc and a friendly rust devil
(summoned).


Message History

Throw: 2 darts (datura)
Press: ? - help, Q - select action, (/) - cycle Shift-Dir - straight line, f/p - Donald
Aim: Donald, wielding a +0 demon trident of venom, wearing a +0 chain mail and wearing a +0 kite shield (79% to hit, chance to frenzy on hit: 3%)
You throw a datura-tipped dart.
Donald blocks the datura-tipped dart.
An orc comes into view. It is wielding a +0 whip.
The orc shouts!
You hear a shout!
You hit Donald.
Donald is lightly wounded.
Donald gestures wildly while chanting.
Donald seems to grow stronger.
You sock Donald!
Donald is lightly wounded.
Donald says, "And you think you've got it bad..."
Donald closely misses you.
You bludgeon Donald!!
Donald is heavily wounded.
You sock Donald!
Donald is heavily wounded.
The orc sorcerer closely misses you.
Donald hits you with a +0 demon trident of venom!!!
* * * LOW HITPOINT WARNING * * *
A demonic guardian appears!
You hear a shout! x3
You bludgeon the orc sorcerer!!
The orc sorcerer is severely wounded.
The orc sorcerer is struck by your spines.
You kill the orc sorcerer!
Donald hits you with a +0 demon trident of venom!
You die...
Your body crumbles into a pile of gold.

Skill      XL: |  1  2  3  4  5  6  7  8  9 10 11 12 13 14 |
---------------+-------------------------------------------+-----
Staves         | 3 4 5 6 7 9 10 11 12 14 | 14.0
Fighting       | 5 7 11 15 17 | 17.8
Armour         | 2 5 |  5.2
Dodging        | 5 9 10 | 10.0
Evocations     | 6 7 |  7.6
Throwing       | |  1.7

Action                   |  1- 3 |  4- 6 |  7- 9 | 10-12 | 13-15 || total
-------------------------+-------+-------+-------+-------+-------++-------
Melee: Quarterstaff      |    92 |   102 |   255 |   648 |   540 ||  1637
       Headbutt          |     7 |    15 |    70 |   217 |   156 ||   465
Throw: Throwing net      |       |       |     3 |       |       ||     3
       Dart              |       |       |       |     4 |     6 ||    10
       Javelin           |       |       |       |    12 |       ||    12
Invok: Call Merchant     |       |       |       |     2 |     2 ||     4
       Potion Petition   |       |       |       |       |     1 ||     1
Evoke: Wand              |       |       |       |     3 |       ||     3
  Use: Scroll            |     9 |     5 |     6 |    10 |     4 ||    34
       Potion            |       |     4 |     4 |     8 |     8 ||    24
 Stab: Sleeping          |     5 |     2 |       |     1 |       ||     8
       Distracted        |       |       |     1 |     8 |     5 ||    14
       Invisible         |       |       |       |     3 |       ||     3
Armor: Leather armour    |    20 |    13 |    57 |     4 |       ||    94
       Skin              |       |     6 |       |       |       ||     6
       Ring mail         |       |       |       |   119 |    98 ||   217
Dodge: Dodged            |    55 |    46 |   103 |   202 |   282 ||   688

Levels and vault maps discovered:
D:1:      ncdulo_lavacross, layout_basic
D:2:      minmay_diamond_boxcup, layout_loops_ring, nrook_mini_vaults,
          minmay_tetromino_l4
D:3:      layout_loops_ring, overflow_temple_1_default
D:4:      layout_basic, ebering_ghost_reflecting_pool,
          chequers_decorated_corner, nicolae_shop_self_help
D:5:      layout_loops_ring, minmay_temple_entry_glass, serial_demonic,
          serial_demonic_d, serial_demonic_b, serial_demonic_c,
          serial_demonic_g, serial_demonic_a, serial_demonic_a,
          serial_demonic_b, kennysheep_generic_room_15
D:6:      layout_loops_corners, uniq_edmund, uniq_grinder,
          uniq_crazy_yiuf_cottage
D:7:      layout_gridville, serial_undead, serial_undead_b, serial_undead_e,
          serial_undead_f, serial_undead_e, serial_undead_c, serial_undead_b,
          serial_undead_a, fountainhead, roderic_roman_lattice,
          corexii_corridor_pit
D:8:      layout_loops_cross, nrook_loot_triangle, small_statue_intersection,
          uniq_pikel
D:9:      layout_basic, serial_corexii_hall, corexii_hall_statues_i,
          chequers_hall_statues_y, corexii_hall_statues_x,
          chequers_hall_statues_corner_a, grunt_decor_fettered, uniq_maggie
D:10:     layout_loops_ring, serial_shops, shop, minmay_fountain_box,
          chequers_serial_rivers_micro_a
D:11:     layout_roguey, lair_entry_dummy, orc_0_dummy, serial_park_tiny_2,
          uniq_lodul
Temple:   mainiacjoe_temple_circle_huts
Lair:1:   layout_roguey, infiniplex_staircase_pool_2, grunt_megastairs_4,
          uniq_fannar
Lair:2:   layout_small_grid
Lair:3:   layout_chaotic_city, nicolae_shoals_entry_flooding,
          hellmonk_spider_entry_life_and_decay
Lair:4:   layout_layer_cave, minmay_slime_entry_oklob_enclosed,
          grunt_megastairs_1, uniq_josephine, uniq_snorg
Lair:5:   minmay_lair_end_enchanted_forest, layout_cellular_growth,
          serial_bayou_pond_d
Orc:1:    layout_diamond_mine, basic_altar, nicolae_shop_gadgets, uniq_erica,
          uniq_nergalle
Orc:2:    st_orc_mages, layout_caves, abandoned_shop, uniq_donald

Notes
Turn   | Place    | Note
-------+----------+-------------------------------------------
     0 | D:1      | demibob the Demonspawn Gladiator began the quest for the
                  | Orb.
     0 | D:1      | Reached XP level 1. HP: 16/16 MP: 1/1
   109 | D:1      | Reached skill level 3 in Staves
   167 | D:1      | Gained mutation: You are partially covered in sharp spines.
                  | [demonic ancestry]
   167 | D:1      | Reached XP level 2. HP: 13/22 MP: 0/2
  1090 | D:2      | Gained mutation: You have a pair of small horns on your
                  | head. [demonic ancestry]
  1090 | D:2      | Reached XP level 3. HP: 27/27 MP: 3/3
  1140 | D:2      | Reached skill level 4 in Staves
  1858 | D:3      | Gained mutation: A weak demonic guardian rushes to your
                  | aid. [demonic ancestry]
  1858 | D:3      | Reached XP level 4. HP: 33/33 MP: 4/4
  2282 | D:3      | Reached skill level 5 in Staves
  2509 | D:3      | Found a hazy altar of Hepliaklqana.
  2719 | D:4      | Reached XP level 5. HP: 35/38 MP: 3/5
  2846 | D:4      | Reached skill level 6 in Staves
  3070 | D:4      | Gained mutation: You are mostly covered in sharp spines.
                  | [demonic ancestry]
  3070 | D:4      | Reached XP level 6. HP: 44/44 MP: 6/6
  3097 | D:4      | Found a runed translucent door.
  3102 | D:4      | Noticed Strat's ghost (amateur DrRe)
  3266 | D:4      | Found Japamaci's Self-Improvement Boutique.
  4097 | D:5      | Entered Level 5 of the Dungeon
  4158 | D:5      | Noticed an ice beast
  4304 | D:5      | Killed an ice beast
  4305 | D:5      | Reached skill level 7 in Staves
  4307 | D:5      | Gained mutation: You have a pair of horns on your head.
                  | [demonic ancestry]
  4307 | D:5      | Reached XP level 7. HP: 50/50 MP: 7/7
  4381 | D:5      | Reached skill level 8 in Staves
  4644 | D:5      | Found a staircase to the Ecumenical Temple.
  4674 | Temple   | Entered the Ecumenical Temple
  4734 | Temple   | Became a worshipper of Gozag Ym Sagoz the Greedy
  4946 | D:5      | Reached skill level 9 in Staves
  4946 | D:5      | Gained mutation: You are partially covered in rugged brown
                  | scales. (AC +1, +3% HP) [demonic ancestry]
  4946 | D:5      | Reached XP level 8. HP: 50/57 MP: 8/8
  5434 | D:6      | Reached skill level 3 in Fighting
  5796 | D:6      | Noticed Grinder
  5797 | D:6      | Noticed Edmund
  5803 | D:6      | Paralysed by Grinder for 5 turns
  5815 | D:6      | Killed Grinder
  5816 | D:6      | Reached skill level 4 in Fighting
  5819 | D:6      | Killed Edmund
  5893 | D:6      | Reached skill level 10 in Staves
  6060 | D:6      | Found a runed translucent door.
  6061 | D:6      | Noticed Crazy Yiuf
  6352 | D:6      | Killed Crazy Yiuf
  6450 | D:7      | Reached skill level 5 in Fighting
  6462 | D:7      | Gained mutation: You have a pair of large horns on your
                  | head. [demonic ancestry]
  6462 | D:7      | Reached XP level 9. HP: 67/70 MP: 6/9
  6668 | D:7      | Reached skill level 6 in Fighting
  6869 | D:7      | Reached skill level 11 in Staves
  6902 | D:7      | Reached skill level 7 in Fighting
  7959 | D:8      | Noticed a komodo dragon
  7977 | D:8      | Killed a komodo dragon
  8182 | D:8      | Identified the +5 spear "Robbikkocaa" {spect, Str+2}
  8289 | D:8      | Gained mutation: You punish those that try to bend your
                  | will. (Will+) [demonic ancestry]
  8289 | D:8      | Reached XP level 10. HP: 80/81 MP: 8/10
  8296 | D:8      | Reached skill level 8 in Fighting
  8391 | D:8      | Noticed Pikel
  8406 | D:8      | Killed Pikel
  8624 | D:8      | Identified the +1 ring mail of Sif Muna, Loving {Dex+3
                  | SInv}
  8779 | D:4      | Bought a manual of Fighting for 880 gold pieces
  8922 | D:9      | Noticed Maggie
  8947 | D:9      | Killed Maggie
  9115 | D:9      | Reached skill level 9 in Fighting
  9115 | D:9      | Reached skill level 12 in Staves
  9119 | D:9      | Identified the +6 falchion of the Mushroom {freeze, rElec
                  | Dex+2}
  9153 | D:9      | Reached skill level 10 in Fighting
  9564 | D:9      | Got the Omnibus of the Black Widow
  9948 | D:9      | Reached skill level 11 in Fighting
 10217 | D:10     | Entered Level 10 of the Dungeon
 10231 | D:10     | Noticed a gargoyle
 10242 | D:10     | Killed a gargoyle
 10382 | D:10     | Reached XP level 11. HP: 97/97 MP: 11/11
 10404 | D:10     | Reached skill level 12 in Fighting
 10404 | D:10     | Reached skill level 13 in Staves
 10496 | D:10     | Found Wixackimp's General Store.
 10638 | D:10     | Identified a scarf of resistance
 11081 | D:11     | Noticed a two-headed ogre
 11090 | D:11     | Killed a two-headed ogre
 11400 | D:11     | Noticed Lodul
 11413 | D:11     | Killed Lodul
 11414 | D:11     | Reached skill level 13 in Fighting
 11540 | D:11     | Found a staircase to the Lair.
 11554 | D:11     | Noticed a boulder beetle
 11567 | D:11     | Killed a boulder beetle
 11874 | D:11     | Found a staircase to the Orcish Mines.
 12166 | Lair:1   | Entered Level 1 of the Lair of Beasts
 12302 | Lair:1   | Reached skill level 14 in Fighting
 12457 | D:11     | Bought a potion of might for 120 gold pieces
 12457 | D:11     | Bought a scroll labelled BIMAFEE SOJAPI for 30 gold pieces
 12597 | Lair:1   | Noticed Fannar
 12612 | Lair:1   | Killed Fannar
 12613 | Lair:1   | Reached skill level 14 in Staves
 12873 | Lair:1   | Reached skill level 1 in Armour
 12880 | Lair:1   | Reached skill level 15 in Fighting
 13225 | Lair:1   | You are sucked into a shaft and drop 1 floor!
 13240 | Lair:2   | Reached skill level 2 in Armour
 13495 | Lair:1   | Reached XP level 12. HP: 102/113 MP: 10/12
 13510 | Lair:1   | Reached skill level 3 in Armour
 13907 | Lair:2   | Reached skill level 16 in Fighting
 13907 | Lair:2   | Reached skill level 4 in Armour
 14545 | Lair:2   | Noticed a boulder beetle
 14578 | Lair:2   | Killed a boulder beetle
 14745 | Lair:2   | Reached skill level 5 in Armour
 14989 | Lair:2   | Reached skill level 3 in Dodging
 15547 | Lair:3   | Noticed a death yak
 15547 | Lair:3   | Noticed a death yak
 15547 | Lair:3   | Noticed a death yak
 15547 | Lair:3   | Noticed a death yak
 15566 | Lair:3   | Killed a death yak
 15575 | Lair:3   | Killed a death yak
 15576 | Lair:3   | Reached skill level 4 in Dodging
 15583 | Lair:3   | Killed a death yak
 15590 | Lair:3   | Killed a death yak
 15591 | Lair:3   | Reached skill level 17 in Fighting
 15690 | Lair:3   | Found a hole to the Spider Nest.
 15978 | Lair:3   | Reached skill level 5 in Dodging
 16093 | Lair:3   | Noticed a six-headed hydra
 16101 | Lair:3   | Killed a six-headed hydra
 16312 | Lair:3   | Found a staircase to the Shoals.
 16716 | Lair:4   | Noticed Snorg
 16728 | Lair:4   | Killed Snorg
 16817 | Lair:4   | Reached XP level 13. HP: 45/118 MP: 10/13
 17374 | Lair:4   | Reached skill level 6 in Dodging
 17808 | Lair:4   | Noticed Josephine
 17822 | Lair:4   | Killed Josephine
 18009 | Lair:4   | Reached skill level 7 in Dodging
 18816 | Lair:4   | Found a viscous altar of Jiyva.
 18895 | Lair:5   | Entered Level 5 of the Lair of Beasts
 18925 | Lair:5   | Reached skill level 1 in Evocations
 19076 | Lair:5   | Reached skill level 2 in Evocations
 19320 | Lair:5   | Reached skill level 3 in Evocations
 19418 | Lair:5   | Reached skill level 8 in Dodging
 19457 | Lair:5   | Reached skill level 4 in Evocations
 19818 | Lair:5   | Reached skill level 5 in Evocations
 20272 | Lair:5   | Reached skill level 9 in Dodging
 20548 | Lair:5   | Reached skill level 6 in Evocations
 20765 | Lair:5   | Identified a +1 robe of resistance
 20858 | Lair:5   | Gained mutation: A demonic guardian rushes to your aid.
                  | [demonic ancestry]
 20858 | Lair:5   | Reached XP level 14. HP: 87/132 MP: 9/14
 20981 | Lair:5   | Identified the +3 robe of the Game Afoot {+Inv Int-4 SInv}
 21654 | Lair:5   | Identified a potion of resistance
 21754 | D:11     | Bought a +0 heavy quarterstaff for 119 gold pieces
 21789 | Orc:1    | Entered Level 1 of the Orcish Mines
 21881 | Orc:1    | Noticed Erica
 21890 | Orc:1    | Killed Erica
 21891 | Orc:1    | Reached skill level 7 in Evocations
 22036 | Orc:1    | Noticed Nergalle
 22043 | Orc:1    | Killed Nergalle
 22050 | Orc:1    | Found Jaxkian's Gadget Gallery.
 22607 | D:11     | Bought a pair of scorched gloves for 304 gold pieces
 22607 | D:11     | Identified the +0 pair of gloves of Integrity {+Blink rC+
                  | Will+} (You bought it in a shop on level 11 of the Dungeon)
 22674 | Orc:2    | Entered Level 2 of the Orcish Mines
 22700 | Orc:2    | Reached skill level 10 in Dodging
 22731 | Orc:2    | HP: 10/132 [orc priest/divine providence (14)]
 22735 | Orc:2    | Noticed Donald
 22749 | Orc:2    | HP: 9/132 [Donald/+0 demon trident of venom (39)]
 22750 | Orc:2    | Mangled by Donald

Vanquished Creatures
  Snorg (Lair:4)
  Josephine (Lair:4)
  Fannar (Lair:1)
  3 hydras
  Erica (Orc:1)
  A catoblepas (Lair:4)
  A two-headed ogre (D:11)
  2 boulder beetles
  9 death yaks
  Nergalle (Orc:1)
  Lodul (D:11)
  2 orc knights
  2 orc sorcerers (Orc:2)
  Pikel (D:8)
  6 black mambas
  A torpor snail (Lair:4)
  4 elephants (Lair:2)
  2 water nymphs (Lair:3)
  A gargoyle (D:10)
  An unseen horror (D:11)
  Maggie (D:9)
  12 cane toads
  4 komodo dragons
  2 rime drakes
  9 polar bears
  4 hornets
  16 blink frogs
  Grinder (D:6)
  5 dream sheep (Lair:5)
  8 spriggans (Lair:5)
  A culicivora (Lair:3)
  50 yaks
  6 wraiths
  4 wyverns
  A steam dragon (Lair:2)
  Edmund (D:6)
  2 acid dragons
  8 water moccasins
  A hornet zombie (D:7)
  9 orc warriors
  2 black bears
  14 ogres
  2 ice beasts
  4 boggarts (Lair:5)
  15 wolves (Lair:5)
  3 lemures (D:8)
  3 centaurs
  2 phantoms
  3 kobold brigands
  12 bullfrogs
  A necrophage (D:6)
  2 wyvern zombies (D:7)
  7 scorpions
  11 wights
  4 howler monkeys
  2 centaur zombies (D:7)
  A bullfrog zombie (D:7)
  4 quasits (D:5)
  A hound (D:5)
  A jelly (D:7)
  Crazy Yiuf (D:6)
  11 orc priests
  An iguana (D:5)
  20 orc wizards
  6 hell rats (Lair:4)
  3 killer bee zombies (D:7)
  2 howler monkey zombies (D:7)
  3 gnolls (D:3)
  5 adders
  3 shadow imps
  A white imp (D:6)
  8 ufetubi
  3 worms
  4 dart slugs
  50 orcs
  3 bats
  4 endoplasms
  4 giant cockroaches
  6 hobgoblins
  6 jackals
  2 quokkas
  9 ball pythons
  2 frilled lizards
  10 goblins
  19 kobolds
  10 rats
477 creatures vanquished.

Vanquished Creatures (collateral kills)
  A polar bear (Lair:2)
  A hornet (Lair:5)
  A blink frog (Lair:5)
  A spriggan (Lair:5)
  A basilisk (Lair:4)
  An orc warrior (D:7)
  A howler monkey (D:4)
  A hell rat (Lair:4)
  An orc (Orc:2)
  A ball python (D:4)
10 creatures vanquished.

Vanquished Creatures (others)
  4 demonic plants (D:5)
  46 fungi
  28 plants
  2 withered plants (D:7)
80 creatures vanquished.

Grand Total: 567 creatures vanquished

Table legend: (Time is in decaauts)
 A = Elapsed time spent in this place.
 B = Non-inter-level travel time spent in this place.
 C = Inter-level travel time spent in this place.
 D = Time resting spent in this place.
 E = Time spent auto-exploring this place.
 F = Levels seen in this place.
 G = Mean time per level.
                   A        B        C        D        E       F      G
               +--------+--------+--------+--------+--------+-----+--------+
         Total |  22265 |  21282 |    983 |   3314 |  15007 |  19 | 1171.8 |
       Dungeon |  12185 |  11586 |    599 |   1059 |   8889 |  11 | 1107.7 |
        Temple |     81 |     60 |     21 |      0 |     33 |   1 |   81.0 |
          Lair |   9130 |   8844 |    286 |   2255 |   5482 |   5 | 1826.0 |
  Orcish Mines |    868 |    792 |     76 |      0 |    603 |   2 |  434.0 |
               +--------+--------+--------+--------+--------+-----+--------+

Top non-repeatable levels by time:
  Lair:5: 2666 daAuts
  Lair:4: 2170 daAuts
  Lair:2: 1831 daAuts
     D:4: 1487 daAuts
    D:11: 1361 daAuts
     D:9: 1286 daAuts
     D:7: 1278 daAuts
  Lair:3: 1245 daAuts
     D:5: 1230 daAuts
  Lair:1: 1216 daAuts
     D:6: 1082 daAuts
     D:1: 1050 daAuts
     D:8: 996 daAuts
     D:3: 832 daAuts
     D:2: 807 daAuts

Table legend:
 A = Non-vault XP
 B = Vault XP
 C = Vault XP percentage of total XP
 D = Non-vault monster count
 E = Vault monster count
 F = Vault count percentage of total count
                 A         B        C        D         E       F
            +---------+---------+-------+---------+---------+-------
      Total |   55324 |   19337 |  25.9 |     372 |     112 |  23.1
            +---------+---------+-------+---------+---------+-------
        D:1 |      35 |       0 |   0.0 |      22 |       0 |   0.0
        D:2 |      27 |      34 |  55.7 |      18 |      12 |  40.0
        D:3 |      91 |       0 |   0.0 |      16 |       0 |   0.0
        D:4 |     324 |       0 |   0.0 |      22 |       0 |   0.0
        D:5 |     902 |     350 |  28.0 |      16 |      11 |  40.7
        D:6 |     385 |     477 |  55.3 |       9 |       3 |  25.0
        D:7 |    1483 |     783 |  34.6 |      24 |      14 |  36.8
        D:8 |    1034 |     593 |  36.4 |      17 |       1 |   5.6
        D:9 |    3478 |     404 |  10.4 |      29 |       1 |   3.3
       D:10 |    2119 |       0 |   0.0 |      18 |       0 |   0.0
       D:11 |    2811 |    1833 |  39.5 |      12 |      10 |  45.5
     Lair:1 |    3304 |    1471 |  30.8 |      18 |       4 |  18.2
     Lair:2 |    7635 |       0 |   0.0 |      24 |       0 |   0.0
     Lair:3 |    5917 |    1093 |  15.6 |      13 |       3 |  18.8
     Lair:4 |    6876 |    2622 |  27.6 |      25 |       6 |  19.4
     Lair:5 |   14872 |    7796 |  34.4 |      45 |      39 |  46.4
      Orc:1 |    1815 |    1608 |  47.0 |      32 |       2 |   5.9
      Orc:2 |    2216 |     273 |  11.0 |      12 |       6 |  33.3
            +---------+---------+-------+---------+---------+-------
